 Dungeon Crawl Stone Soup version 0.15-b1-91-gafc2b96 (webtiles) character file.

93 stanze the Caller (level 4, -1/36 (37) HPs)
             Began as a Ghoul Wanderer on Aug 17, 2014.
             Slain by an orc (5 damage)
             ... on Level 2 of the Dungeon.
             The game lasted 00:21:33 (3241 turns).

stanze the Caller (Ghoul Wanderer)                  Turns: 3241, Time: 00:21:33

HP  -1/36 (37)   AC  3     Str 13 (16) XL: 4   Next: 62%
MP   3/3         EV 10     Int  9      God:
Gold 112         SH  0     Dex  6      Spells:  1 memorised,  2 levels left

rFire  . . .     SeeInvis .     l - plain deck of defence {the Elixir}
rCold  + . .     Clarity  .     j - +0 leather armour (curse)
rNeg   + + +     rCorr    .     (no shield)
rPois  +         rRot     +     (no helmet)
rElec  .         Spirit   .     (no cloak)
SustAb .         Warding  .     (no gloves)
rMut   .         Stasis   .     (no boots)
Saprov + + +                    (no amulet)
MR     .....                    (no ring)
                                (no ring)

@: rotting, not resistant to hostile enchantments, very unstealthy
A: rotting body, claws 1, carnivore 3, cold resistance 1, negative energy
resistance 3, poison resistance, saprovore 3, slow healing 1, torment
resistance, unbreathing
a: no special abilities


You were on level 2 of the Dungeon.
You were not hungry.

You visited 1 branch of the dungeon, and saw 3 of its levels.

You collected 112 gold pieces.

Inventory:

Hand weapons
 c - a +0 club
 h - a +1 hunting sling
Missiles
 b - 18 poisoned needles
 f - 106 stones (quivered)
 i - 11 sling bullets of frost
Armour
 j - a cursed +0 leather armour (worn)
 k - a +0 ring mail
Magical devices
 a - a wand of confusion (13)
Comestibles
 g - 2 beef jerkies
 n - 2 rotting chunks of jackal flesh
Scrolls
 d - a scroll of identify
Potions
 e - a potion of magic
Miscellaneous
 l - a plain deck of defence {the Elixir} (in claw)


   Skills:
 * Level 2.3 Fighting
 + Level 0.3(0.9) Slings
   Level 1.0 Bows
 + Level 1.2(1.3) Throwing
 + Level 1.5 Armour
 + Level 1.0 Dodging
 + Level 0.2 Stealth
 * Level 1.6 Unarmed Combat
   Level 2.6 Summonings
 + Level 2.6 Poison Magic
 + Level 1.1 Evocations


You had 2 spell levels left.
You knew the following spells:

 Your Spells              Type           Power        Failure   Level  Hunger
a - Sting                 Conj/Pois      #...         28%         1    ##.....


Dungeon Overview and Level Annotations

Branches:
Dungeon (3/15)

Altars:
Nemelex Xobeh


Innate Abilities, Weirdness & Mutations

Your body is rotting away.
You have sharp fingernails.
You are carnivorous and can eat meat at any time.
Your flesh is cold resistant.
You are immune to negative energy.
Your system is resistant to poisons.
You thrive on rotten meat.
You heal slowly when monsters are visible.
You are immune to unholy pain and torment.
You can survive without breathing.


Message History

The orc hits you.
You closely miss the orc. You claw the orc, but do no damage.
The orc is moderately wounded.
The orc closely misses you.
You barely miss the orc.
The orc is moderately wounded.
The orc hits you.
* * * LOW HITPOINT WARNING * * *
You scratch the orc.
The orc is severely wounded.
The orc hits you.
* * * LOW HITPOINT WARNING * * *
You scratch the orc but do no damage.
The orc is severely wounded.
The orc hits you.
* * * LOW HITPOINT WARNING * * *
Wield which item (- for none, * to show all)? (? for menu, Esc to quit)
l - a plain deck of defence {the Elixir} (in claw)
The orc hits you.
You die...

######### #........
#########.######.
#.......#.######.
#.#####.#.##.....
#######.#...#.#.##.....
#.....@o...............
#.####..#.#.#.#.#......
#.####..#.#............
#.##....#...#.##.......
#.##.#.####.#.#<...#'#'
#.##.#.................
#.##)##.#####.#.#.##.#.
#.##.##.......#....#.#.
#.##.############....#.


You could see an orc (bleeding).

Vanquished Creatures
  Ijyb (D:2)
  3 adders (D:2)
  A giant mite (D:1)
  A giant gecko (D:2)
  An ooze (D:2)
  A ball python (D:2)
  4 bats
  11 goblins
  3 hobgoblins
  3 jackals (D:2)
  2 kobolds (D:2)
  A quokka (D:1)
  2 giant newts
  5 rats
39 creatures vanquished.

Notes
Turn   | Place    | Note
--------------------------------------------------------------
     0 | D:1      | stanze, the Ghoul Wanderer, began the quest for the Orb.
     0 | D:1      | Reached XP level 1. HP: 16/16 MP: 1/1
   582 | D:1      | Reached XP level 2. HP: 10/22 MP: 0/2
  1426 | D:2      | Reached skill level 1 in Unarmed Combat
  1426 | D:2      | Reached XP level 3. HP: 12/28 MP: 3/3
  1856 | D:2      | Reached skill level 1 in Dodging
  2135 | D:2      | Found a sparkling altar of Nemelex Xobeh.
  2163 | D:2      | Reached XP level 4. HP: 29/36 MP: 2/3
  2612 | D:2      | Noticed Ijyb
  2627 | D:2      | Killed Ijyb
  3200 | D:2      | Upgraded the game from 0.15-b1-90-gf40f08b to 0.15-b1-91-gafc2b96
  3241 | D:2      | Slain by an orc

Action                   |  1- 3 |  4- 6 || total
-------------------------+-------+-------++-------
Melee: Unarmed           |   118 |    59 ||   177
       Club              |     3 |       ||     3
 Fire: Hunting sling     |     4 |       ||     4
Throw: Stone             |    43 |    13 ||    56
 Cast: Sting             |     9 |       ||     9
Evoke: Wand              |     1 |     1 ||     2
  Use: Scroll            |     4 |     2 ||     6
       Potion            |     1 |     1 ||     2
  Eat: Chunk             |    16 |     8 ||    24
